[Event "Titled Tuesday Blitz December 06 Late 2022"]
[White "Figorito, Nick"]
[Black "Alex_Sahakyan2006"]
[WhiteFideId "30923689"]
[WhiteElo "2409"]
[BlackElo "2672"]
[Result "0-1"]
[Round "05"]
[TimeControl "180+1"]
[Date "2022.12.07"]
[WhiteClock "0:00:04"]
[BlackClock "0:00:50"]

1. Nf3 g6 2. g3 Bg7 3. Bg2 e5 4. O-O d5 5. c4 dxc4 6. Na3 Be6 7. Ng5 Bd5 8. Bxd5 Qxd5 9. Qa4+ Nc6 10. Qxc4 Qxc4 11. Nxc4 h6 12. Nf3 e4 13. Ne1 O-O-O 14. d3 Nf6 15. Bd2 Nd4 16. e3 Ne2+ 17. Kg2 exd3 18. Ne5 Ne4 19. N5f3 g5 20. Bb4 c5 21. Ba3 b5 22. Bxc5 d2 23. Nxd2 Nxd2 24. Bxa7 Nxf1 25. Kxf1 Rd2 26. Nf3 Rxb2 27. Re1 g4 28. Nh4 Kb7 29. Bc5 Rc8 30. Rxe2 Rxe2 31. Kxe2 Rxc5 32. Ng2 Rc2+ 33. Kf1 Rxa2 34. Nf4 b4 35. Nd5 b3 36. Kg2 b2 37. Nb4 Ra4 38. Nd3 b1=Q 39. Nf4 Qe4+ 40. Kf1 Ra1+ 41. Ke2 Ra2+ 42. Ke1 Qh1# 0-1


[Site "https://www.chess.com"]

[Event "Titled Tuesday Blitz December 06 Late 2022"]
[White "Floresvillar Gonzalez, Luis Migu"]
[Black "Ozen, Batuhan"]
[WhiteFideId "5100542"]
[BlackFideId "6345123"]
[WhiteElo "2040"]
[BlackElo "2371"]
[Result "0-1"]
[Round "05"]
[TimeControl "180+1"]
[Date "2022.12.07"]
[WhiteClock "0:00:10"]
[BlackClock "0:00:45"]

1. e4 c5 2. d4 cxd4 3. c3 d3 4. Bxd3 g6 5. Nf3 Bg7 6. O-O Nc6 7. Nbd2 d6 8. Nb3 Nf6 9. Nbd4 Bg4 10. h3 Bxf3 11. Qxf3 Ne5 12. Bb5+ Nfd7 13. Qe2 Rc8 14. f4 Nc6 15. Nxc6 bxc6 16. Bc4 O-O 17. Be3 Qa5 18. Rad1 Rb8 19. Bb3 Nb6 20. Bd4 c5 21. Bxg7 Kxg7 22. f5 c4 23. Bc2 Qxa2 24. fxg6 fxg6 25. Rxf8 Rxf8 26. Bb1 Qa5 27. e5 Qxe5 28. Qxe5+ dxe5 29. Re1 Rd8 30. Kf2 Rd2+ 31. Re2 Rxe2+ 32. Kxe2 Na4 33. Ba2 Nxb2 34. Kd2 e4 35. Ke3 Na4 36. Bxc4 Nxc3 37. Kd4 Na4 38. Kxe4 Kf6 39. g4 g5 40. Kd4 Nb6 41. Bb3 h6 42. Kc5 e5 43. Bc2 Nc8 44. Kc6 a5 45. Kb5 e4 46. Kxa5 e3 47. Bd3 Ke5 48. Kb5 Nd6+ 49. Kc6 Ne4 50. Kd7 Nf2 51. Ke7 Nxd3 0-1


[Site "https://www.chess.com"]

[Event "Titled Tuesday Blitz December 06 Late 2022"]
[White "Freile Martin, Javier"]
[Black "Aggelis, Nikolaos"]
[WhiteFideId "3600165"]
[BlackFideId "4213220"]
[WhiteElo "2326"]
[BlackElo "2189"]
[Result "1-0"]
[Round "05"]
[TimeControl "180+1"]
[Date "2022.12.07"]
[WhiteClock "0:00:53"]
[BlackClock "0:00:02"]

1. c4 c5 2. Nc3 Nc6 3. Nf3 e5 4. e3 g6 5. d4 cxd4 6. exd4 exd4 7. Nxd4 Bg7 8. Ndb5 Qe7+ 9. Be2 Nf6 10. Nc7+ Kf8 11. Nxa8 d6 12. O-O h5 13. b3 Kg8 14. Ba3 Ne8 15. Nd5 Qd8 16. Rc1 Be6 17. Nf4 Bf5 18. Bf3 Bh6 19. Bxc6 bxc6 20. Qf3 Qxa8 21. Bb2 Ng7 22. h3 Kh7 23. Rfd1 Rd8 24. g4 hxg4 25. hxg4 Bc8 26. Kg2 Kg8 27. Rh1 Bg5 28. Rce1 Bd7 29. c5 dxc5 30. Nh3 Bd2 31. Qf6 Bh6 32. Ng5 1-0


[Site "https://www.chess.com"]

[Event "Titled Tuesday Blitz December 06 Late 2022"]
[White "Gallo Garcia, Kemel Antonio"]
[Black "Kravtsiv, Martyn"]
[WhiteFideId "3523896"]
[BlackFideId "14113147"]
[WhiteElo "2359"]
[BlackElo "2695"]
[Result "0-1"]
[Round "05"]
[TimeControl "180+1"]
[Date "2022.12.06"]
[WhiteClock "0:00:41"]
[BlackClock "0:00:25"]

1. d4 d5 2. c4 e6 3. Nf3 Nf6 4. g3 Bb4+ 5. Bd2 Be7 6. Bg2 O-O 7. O-O c6 8. Nc3 Nbd7 9. Bf4 dxc4 10. e4 Bb4 11. e5 Nd5 12. Bd2 Bxc3 13. bxc3 h6 14. Re1 Qe7 15. Re4 f5 16. exf6 N7xf6 17. Re2 b5 18. Ne5 Qd6 19. a4 Bd7 20. Qc1 Be8 21. f4 a5 22. axb5 cxb5 23. g4 Ra6 24. Bf3 Nd7 25. Be4 Nxe5 26. fxe5 Qe7 27. Qc2 Nf4 28. Bxf4 Rxf4 29. Rf2 Rxg4+ 30. Kh1 Rxe4 31. Raf1 Bc6 32. Rf8+ Qxf8 33. Rxf8+ Kxf8 34. Kg1 Rg4+ 35. Kf1 Ra7 36. Qh7 Rf7+ 37. Ke1 Ke7 38. Qh8 Rf8 39. Qh7 Be4 0-1


[Site "https://www.chess.com"]

[Event "Titled Tuesday Blitz December 06 Late 2022"]
[White "Gatterer, Florian"]
[Black "Adewumi, Tanitoluwa"]
[WhiteFideId "811688"]
[BlackFideId "30966396"]
[WhiteElo "2218"]
[BlackElo "2527"]
[Result "1-0"]
[Round "05"]
[TimeControl "180+1"]
[Date "2022.12.07"]
[WhiteClock "0:00:21"]
[BlackClock "0:00:01"]

1. b3 e5 2. Bb2 Nc6 3. e3 Nf6 4. Nf3 Bd6 5. d4 e4 6. Ne5 O-O 7. Be2 Re8 8. Nxc6 dxc6 9. O-O h5 10. h3 h4 11. c4 Be6 12. Nd2 Bf5 13. c5 Bf8 14. Nc4 Nd5 15. Bg4 Bh7 16. a3 Qg5 17. Kh1 f5 18. Bh5 Re6 19. Be2 Be7 20. Rg1 Qh6 21. Qd2 Rf8 22. Raf1 f4 23. Bg4 Bf5 24. Bxf5 Rxf5 25. Bc1 f3 26. Ne5 fxg2+ 27. Rxg2 Rexe5 28. dxe5 Rf3 29. Rfg1 Rxh3+ 30. Rh2 Qe6 31. Qe2 Rxh2+ 32. Kxh2 Qxe5+ 33. Kh1 Bf6 34. Qg4 Ne7 35. b4 Qd5 36. Qe2 Kf7 37. Bb2 Qf5 38. Rg2 Qh3+ 39. Rh2 Qf5 40. Bxf6 Qxf6 41. Rg2 Ng6 42. Qg4 Qa1+ 43. Kh2 Qe5+ 44. Kh3 Qf6 45. Qd7+ Ne7 46. Qg4 g5 47. Qh5+ 1-0


[Site "https://www.chess.com"]

[Event "Titled Tuesday Blitz December 06 Late 2022"]
[White "Girsh, Daniel"]
[Black "Espinosa, Pedro"]
[WhiteFideId "30949190"]
[BlackFideId "30921066"]
[WhiteElo "2075"]
[BlackElo "2016"]
[Result "1-0"]
[Round "05"]
[TimeControl "180+1"]
[Date "2022.12.07"]
[WhiteClock "0:01:09"]
[BlackClock "0:00:19"]

1. d4 d5 2. c4 c6 3. Nf3 Nf6 4. Qb3 dxc4 5. Qxc4 Bf5 6. g3 e6 7. Bg2 Nbd7 8. O-O Be7 9. Nbd2 h6 10. Qb3 Qb6 11. Nc4 Qxb3 12. axb3 O-O 13. Na5 Bb4 14. Nxb7 Rfb8 15. Na5 Bxa5 16. Rxa5 Rxb3 17. Nd2 Rb6 18. Nc4 Rb4 19. Bxc6 Rc8 20. Bxd7 Rcxc4 21. Rxa7 Rxd4 22. Bc6 Bh3 23. Bg2 Bxg2 24. Kxg2 Rdc4 25. Rd1 Rc2 26. Kf3 Rbc4 27. Be3 Nd5 28. Bd4 Rc7 29. Rxc7 Rxc7 30. e4 Ne7 31. Ke3 Nc6 32. Rc1 Rc8 33. b4 Ne7 34. Rxc8+ Nxc8 35. Bc5 1-0


[Site "https://www.chess.com"]

[Event "Titled Tuesday Blitz December 06 Late 2022"]
[White "Goltsev, Dmitry"]
[Black "Leenhouts, Koen"]
[WhiteFideId "24176710"]
[BlackFideId "1008439"]
[WhiteElo "2327"]
[BlackElo "2409"]
[Result "1-0"]
[Round "05"]
[TimeControl "180+1"]
[Date "2022.12.06"]
[WhiteClock "0:01:38"]
[BlackClock "0:00:09"]

1. e4 c5 2. Nf3 e6 3. d4 cxd4 4. Nxd4 Nc6 5. Nc3 Qc7 6. Be2 a6 7. O-O Nf6 8. Be3 Be7 9. f4 d6 10. Bf3 O-O 11. g4 Nxd4 12. Bxd4 e5 13. Be3 exf4 14. Bxf4 Be6 15. g5 Nd7 16. h4 Ne5 17. Bg2 Qb6+ 18. Kh1 Qxb2 19. Nd5 Bxd5 20. exd5 b5 21. Be4 Qb4 22. Qe2 Qc4 23. Qg2 Ng6 24. Bg3 Ne5 25. Rae1 Rac8 26. Bf4 Qxa2 27. Ra1 Qc4 28. Rxa6 b4 29. Ra7 Rfe8 30. h5 Qd4 31. Rb7 Rc3 32. g6 fxg6 33. hxg6 Nxg6 34. Bxg6 hxg6 35. Qxg6 Bf6 36. Qxe8+ Kh7 37. Qh5+ 1-0


[Site "https://www.chess.com"]

[Event "Titled Tuesday Blitz December 06 Late 2022"]
[White "Goroshkov, Maksym"]
[Black "Graif, William"]
[WhiteFideId "14142716"]
[BlackFideId "2609835"]
[WhiteElo "2258"]
[BlackElo "2205"]
[Result "1-0"]
[Round "05"]
[TimeControl "180+1"]
[Date "2022.12.07"]
[WhiteClock "0:01:44"]
[BlackClock "0:00:01"]

1. e4 e5 2. d4 exd4 3. c3 dxc3 4. Bc4 cxb2 5. Bxb2 d5 6. Bxd5 Nf6 7. Nf3 Bb4+ 8. Kf1 O-O 9. Bxf7+ Kh8 10. Qxd8 Rxd8 11. Nc3 Bxc3 12. Bxc3 Nxe4 13. Be5 Nc6 14. Bb3 Nd2+ 15. Nxd2 Nxe5 16. Ne4 b6 17. f4 Ba6+ 18. Kf2 Nd3+ 19. Kg3 Rd4 20. Ng5 Nxf4 21. Rad1 Ne2+ 22. Kh3 h6 23. Nf7+ Kh7 24. Bc2+ g6 25. Ne5 Nf4+ 26. Kg3 Rxd1 27. Rxd1 Nh5+ 28. Kh4 Rg8 29. Nxg6 Nf6 30. Ne7+ Kg7 31. Nxg8 Kxg8 32. Rd8+ Kf7 33. Ra8 Bc4 34. Rxa7 Nd5 35. Be4 Ke6 36. Bxd5+ Bxd5 37. Rxc7 Bxg2 38. Kh5 Bd5 39. a3 1-0


[Site "https://www.chess.com"]

[Event "Titled Tuesday Blitz December 06 Late 2022"]
[White "Grapsa, Georgia"]
[Black "Yeritsyan, Hayk"]
[WhiteFideId "4206436"]
[BlackFideId "13307320"]
[WhiteElo "1825"]
[BlackElo "2415"]
[Result "0-1"]
[Round "05"]
[TimeControl "180+1"]
[Date "2022.12.07"]
[WhiteClock "0:00:28"]
[BlackClock "0:00:06"]

1. e4 c6 2. d4 d5 3. f3 Nf6 4. e5 Ng8 5. c3 Bf5 6. Bd3 Bxd3 7. Qxd3 e6 8. f4 Ne7 9. Nf3 c5 10. Be3 cxd4 11. cxd4 Nbc6 12. a3 Nf5 13. Nc3 h5 14. O-O Be7 15. Rac1 Qd7 16. b4 g6 17. Bf2 Kf8 18. g3 Kg7 19. h3 Rac8 20. Nd1 Ncxd4 21. Rxc8 Nxf3+ 22. Qxf3 Qxc8 23. Bxa7 Qc2 24. Bf2 Ra8 25. g4 hxg4 26. hxg4 Nh6 27. Re1 Qc4 28. Re3 g5 29. Bg3 gxf4 30. Bxf4 Ng8 31. Re2 Rxa3 32. Ne3 Qxb4 33. Rf2 Qe4 34. Qg3 Bc5 35. Kh2 Bxe3 36. Bxe3 Rxe3 37. Qh4 Qxe5+ 38. Kg2 Re2 0-1


[Site "https://www.chess.com"]

[Event "Titled Tuesday Blitz December 06 Late 2022"]
[White "Guzman Moneo, Alberto"]
[Black "Bongo Akanga Ndjila, Barthelemy"]
[WhiteFideId "2209616"]
[BlackFideId "10609431"]
[WhiteElo "2157"]
[BlackElo "1768"]
[Result "1-0"]
[Round "05"]
[TimeControl "180+1"]
[Date "2022.12.07"]
[WhiteClock "0:00:49"]
[BlackClock "0:00:43"]

1. c4 e6 2. Nf3 d5 3. g3 Nf6 4. Bg2 Be7 5. O-O O-O 6. d4 Bd7 7. Ne5 Bc6 8. Nxc6 Nxc6 9. cxd5 Nxd5 10. e4 Nb6 11. Be3 Bf6 12. e5 Be7 13. Nc3 Nb4 14. Bxb7 Rb8 15. Be4 N4d5 16. Rc1 Nc4 17. Nxd5 exd5 18. Bb1 Nxe3 19. fxe3 Rxb2 20. Rc2 Rb6 21. Rcf2 Bg5 22. Qd3 g6 23. h4 Bh6 24. Kg2 Qe7 25. Bc2 Rb2 26. Bb3 Rxf2+ 27. Rxf2 g5 28. Rf6 Bg7 29. hxg5 Bxf6 30. Bc2 Rb8 31. Qxh7+ Kf8 32. gxf6 Ke8 33. fxe7 Kxe7 34. Qh4+ Kd7 35. Bf5+ Kc6 36. Qf6+ Kb5 37. Qxf7 Kc4 38. Qxc7+ Kb4 39. Qxb8+ 1-0


[Site "https://www.chess.com"]

[Event "Titled Tuesday Blitz December 06 Late 2022"]
[White "Harshavardhan G B"]
[Black "Estrada Nieto, Julian"]
[WhiteFideId "25059009"]
[BlackFideId "5101018"]
[WhiteElo "2323"]
[BlackElo "2195"]
[Result "1-0"]
[Round "05"]
[TimeControl "180+1"]
[Date "2022.12.07"]
[WhiteClock "0:00:19"]
[BlackClock "0:00:13"]

1. d4 d5 2. c4 dxc4 3. e4 e5 4. Nf3 exd4 5. Bxc4 Nc6 6. O-O Be6 7. Bxe6 fxe6 8. Qb3 Qd7 9. Qxb7 Rb8 10. Qa6 Nge7 11. Nbd2 Ng6 12. b3 Bd6 13. Bb2 O-O 14. Rfc1 Nb4 15. Qc4 c5 16. Qf1 Nf4 17. Ne1 e5 18. Nc4 Bc7 19. f3 Qf7 20. Ba3 Qg6 21. Bxb4 Rxb4 22. g3 Ne6 23. Nd3 Rxc4 24. Rxc4 Ng5 25. Kg2 Nxe4 26. Nxc5 Nd2 27. Qe2 Nxc4 28. Qxc4+ Kh8 29. Ne6 Qf7 30. Nxf8 Qxf8 31. Qxc7 h6 32. Re1 Qb4 33. Qxe5 d3 34. Qe8+ Kh7 35. Qe4+ Qxe4 36. fxe4 d2 37. Rd1 1-0


[Site "https://www.chess.com"]

[Event "Titled Tuesday Blitz December 06 Late 2022"]
[White "Haszon, David"]
[Black "Gerbelli Neto, Eduardo"]
[WhiteFideId "733610"]
[BlackFideId "2103281"]
[WhiteElo "2210"]
[BlackElo "2178"]
[Result "1-0"]
[Round "05"]
[TimeControl "180+1"]
[Date "2022.12.07"]
[WhiteClock "0:01:24"]
[BlackClock "0:00:38"]

1. e4 e5 2. Nf3 Nc6 3. c3 Nf6 4. d4 Nxe4 5. d5 Ne7 6. Nxe5 Ng6 7. Nxg6 hxg6 8. Nd2 Nxd2 9. Bxd2 d6 10. Qf3 Be7 11. O-O-O O-O 12. Bd3 Bg5 13. h4 Bxd2+ 14. Kxd2 Qf6 15. Qg3 Bf5 16. Kc2 Rfe8 17. Rd2 Bxd3+ 18. Qxd3 Re5 19. g3 Rae8 20. a4 Re4 21. Ra1 Qf5 22. a5 a6 23. Ra3 Re2 24. Qxf5 gxf5 25. Rb3 Rxd2+ 26. Kxd2 Rb8 27. Ke3 Kf8 28. Rb4 Ke7 29. Kf4 Kf6 30. Rc4 Rc8 31. Rb4 Rb8 32. Rc4 Rc8 33. b3 c6 34. dxc6 Rxc6 35. Rxc6 bxc6 36. c4 d5 37. cxd5 cxd5 38. b4 Ke6 39. b5 Kd6 40. bxa6 Kc6 41. Kxf5 f6 42. Kf4 1-0


[Site "https://www.chess.com"]

[Event "Titled Tuesday Blitz December 06 Late 2022"]
[White "Hernandez Jimenez, Alexander Andres"]
[Black "Castellanos Gomez, Alejandro"]
[WhiteFideId "3900452"]
[BlackFideId "22284141"]
[WhiteElo "2098"]
[BlackElo "2168"]
[Result "0-1"]
[Round "05"]
[TimeControl "180+1"]
[Date "2022.12.07"]
[WhiteClock "0:00:01"]
[BlackClock "0:00:14"]

1. e4 d5 2. exd5 Qxd5 3. Nc3 Qd6 4. d4 Nf6 5. Nb5 Qd8 6. c4 a6 7. Nc3 e6 8. Nf3 Be7 9. Be2 O-O 10. Bf4 b6 11. O-O Bb7 12. h3 c6 13. Ne5 c5 14. dxc5 Bxc5 15. Bf3 Qc8 16. Bxb7 Qxb7 17. Qf3 Qxf3 18. Nxf3 Nc6 19. a3 Nd4 20. Nxd4 Bxd4 21. Rac1 Rac8 22. b3 Bxc3 23. Rxc3 Nd5 24. Rf3 Nxf4 25. Rxf4 Rfd8 26. Rf3 Rd2 27. Re1 Rcd8 28. Kh2 g6 29. Kg3 Kg7 30. Ree3 R8d6 31. h4 f5 32. Rc3 e5 33. b4 e4 34. Rfe3 Kf6 35. c5 bxc5 36. Rxc5 h6 37. Rec3 g5 38. hxg5+ hxg5 39. Rc6 Ke5 40. Rxd6 Rxd6 41. Rc5+ Ke6 42. f3 e3 43. Rc2 Rd2 0-1


[Site "https://www.chess.com"]

[Event "Titled Tuesday Blitz December 06 Late 2022"]
[White "Jaferian, Koosha"]
[Black "Krishnan, Varun"]
[WhiteFideId "12507440"]
[BlackFideId "5054508"]
[WhiteElo "2127"]
[BlackElo "2547"]
[Result "1-0"]
[Round "05"]
[TimeControl "180+1"]
[Date "2022.12.07"]
[WhiteClock "0:00:16"]
[BlackClock "0:00:09"]

1. e4 e5 2. Nf3 Nc6 3. Bb5 a6 4. Bxc6 dxc6 5. O-O Bg4 6. h3 h5 7. d3 Bd6 8. Nbd2 Qf6 9. Nc4 Ne7 10. a4 Ng6 11. hxg4 hxg4 12. Bg5 Qe6 13. Nh2 f6 14. Nxd6+ Qxd6 15. Be3 Rh4 16. g3 Rh7 17. Qxg4 Kf7 18. Kg2 Rah8 19. Rh1 Qb4 20. Nf3 Rxh1 21. Rxh1 Rxh1 22. Kxh1 Qxb2 23. Qd7+ Ne7 24. Bc5 Qxc2 25. Qxe7+ Kg6 26. Qe8+ Kh7 27. Qh5+ Kg8 28. Be3 Qxa4 29. Nh4 c5 30. Nf5 Qd7 31. Qg6 b6 32. Bh6 Qf7 33. Qxg7+ Qxg7 34. Bxg7 Kf7 35. f4 exf4 36. gxf4 a5 37. e5 a4 38. Bxf6 a3 39. Ne3 b5 40. f5 b4 41. Bh8 b3 42. e6+ Ke7 43. Nd5+ Kd6 44. e7 Kd7 45. e8=Q+ Kxe8 46. Nxc7+ Kd7 47. Nb5 a2 48. Bb2 Ke7 49. f6+ Ke6 50. Kg2 Kf7 51. Kf3 Ke6 52. Ke4 Kf7 53. Kd5 1-0


[Site "https://www.chess.com"]

[Event "Titled Tuesday Blitz December 06 Late 2022"]
[White "Jarmula, Lukasz"]
[Black "Jimenez Almeida, Luis David"]
[WhiteFideId "1160664"]
[BlackFideId "22242244"]
[WhiteElo "2357"]
[BlackElo "2158"]
[Result "1-0"]
[Round "05"]
[TimeControl "180+1"]
[Date "2022.12.07"]
[WhiteClock "0:01:08"]
[BlackClock "0:00:57"]

1. e4 c5 2. Nf3 e6 3. d4 cxd4 4. Nxd4 Nc6 5. Nc3 a6 6. Be2 Qc7 7. Nxc6 bxc6 8. Qd3 Nf6 9. Qg3 Qxg3 10. hxg3 d5 11. g4 Bb4 12. Bd2 Rb8 13. a3 Bd6 14. g5 Nd7 15. O-O-O Ke7 16. f4 Bb7 17. Bf3 Bc5 18. Na4 Ba7 19. exd5 cxd5 20. Bb4+ Kd8 21. f5 Bc6 22. Nc3 Be3+ 23. Kb1 Bxg5 24. fxe6 fxe6 25. Bg4 Be7 26. Bxe6 Bxb4 27. axb4 Rxb4 28. Nxd5 Re4 29. Bxd7 Bxd7 30. Nb6 Re7 31. Rh4 Ke8 32. Rhd4 1-0


[Site "https://www.chess.com"]

[Event "Titled Tuesday Blitz December 06 Late 2022"]
[White "Jaskolka, Tomasz"]
[Black "Souleidis, Georgios"]
[WhiteFideId "1170791"]
[BlackFideId "4206827"]
[WhiteElo "2126"]
[BlackElo "2401"]
[Result "0-1"]
[Round "05"]
[TimeControl "180+1"]
[Date "2022.12.07"]
[WhiteClock "0:00:04"]
[BlackClock "0:00:08"]

1. e4 c5 2. Nf3 e6 3. d4 cxd4 4. Nxd4 Nf6 5. Nc3 Nc6 6. g3 Bb4 7. Bg2 d5 8. exd5 Nxd5 9. Nxc6 bxc6 10. O-O O-O 11. Bd2 Ba6 12. Re1 Qb6 13. Qf3 Be7 14. b3 Rfd8 15. Ne4 Nf6 16. Bc3 Nxe4 17. Qxe4 Rac8 18. Qg4 g6 19. h4 Qc5 20. Re3 Qf5 21. Qxf5 gxf5 22. Rae1 Bc5 23. Re5 Bb6 24. g4 fxg4 25. Rg5+ Kf8 26. Rxg4 Ke7 27. Rf4 Rg8 28. Bf6+ Ke8 29. Rd1 c5 30. Kh1 c4 31. b4 Bb5 32. Be4 Bc6 33. Bxc6+ Rxc6 34. c3 Rc8 35. Bd4 Bc7 36. Rf3 a6 37. Bc5 Be5 38. Re1 f6 39. Rfe3 Kf7 40. f4 Bxf4 41. Rxe6 Rge8 42. Re7+ Rxe7 43. Rxe7+ Kg6 44. Kg2 Be5 45. h5+ Kxh5 46. Rxh7+ Kg6 47. Ra7 Bxc3 48. Rxa6 Be5 49. Kf3 c3 50. Be3 Kf5 51. Ra5 c2 52. Bc1 Rc3+ 53. Ke2 Ke4 54. Bb2 c1=Q 55. Bxc1 Rxc1 56. a4 Rc2+ 57. Kd1 Ra2 58. Ra7 Kd3 59. Ke1 Bd4 60. Kf1 f5 61. Rb7 Rxa4 62. b5 Rb4 63. Kg2 Rb3 64. Kf3 Be5 65. Rd7+ Kc4+ 66. Kg2 Rxb5 67. Re7 f4 68. Kf3 Kd4 69. Rf7 Rb3+ 70. Kg4 Rg3+ 71. Kh4 Rg1 72. Kh3 Ke4 73. Rf8 Rg7 74. Kh2 Rg6 75. Kh1 Kf3 76. Rf5 Rh6+ 77. Kg1 Bd4+ 78. Kf1 Rh1# 0-1


[Site "https://www.chess.com"]

[Event "Titled Tuesday Blitz December 06 Late 2022"]
[White "Joubert, Dantelle"]
[Black "Rama, Tejas"]
[WhiteFideId "14310813"]
[BlackFideId "30907381"]
[WhiteElo "1507"]
[BlackElo "2089"]
[Result "0-1"]
[Round "05"]
[TimeControl "180+1"]
[Date "2022.12.07"]
[WhiteClock "0:00:00"]
[BlackClock "0:00:02"]

1. d4 Nf6 2. c4 e6 3. Nf3 d5 4. Nc3 c5 5. cxd5 Nxd5 6. e4 Nxc3 7. bxc3 cxd4 8. cxd4 Bb4+ 9. Bd2 Bxd2+ 10. Qxd2 O-O 11. Bc4 Nd7 12. O-O b6 13. Rfe1 Bb7 14. Rac1 Rc8 15. d5 Nc5 16. dxe6 fxe6 17. Qxd8 Rcxd8 18. Ng5 Rf6 19. f3 h6 20. Nh3 Kf8 21. Red1 Ke7 22. Rxd8 Kxd8 23. Rd1+ Ke7 24. Nf2 h5 25. Nd3 Nxd3 26. Rxd3 e5 27. Ra3 a5 28. Kf2 Bxe4 29. Re3 Bg6 30. Rxe5+ Kd6 31. Rb5 Kc7 32. Rg5 a4 33. a3 Rc6 34. Bb5 Rc2+ 35. Kg3 h4+ 36. Kxh4 Rb2 37. Bxa4 Bb1 38. Rxg7+ Kd6 39. Rg4 Kc5 40. Kg3 Ra2 41. Rb4 Rxa3 42. Rxb1 Rxa4 43. h4 b5 44. h5 b4 45. Kh3 Kd4 46. g4 Kc3 47. Kg3 Ra2 48. g5 b3 49. g6 Rb2 50. Rc1+ Rc2 51. Rb1 Rd2 52. Rxb3+ Kxb3 53. Kg4 Rd6 54. f4 Kc4 0-1


[Site "https://www.chess.com"]

[Event "Titled Tuesday Blitz December 06 Late 2022"]
[White "Kaganskiy, Gleb"]
[Black "Kavutskiy, Konstantin"]
[WhiteFideId "4132025"]
[BlackFideId "2026384"]
[WhiteElo "2165"]
[BlackElo "2386"]
[Result "1-0"]
[Round "05"]
[TimeControl "180+1"]
[Date "2022.12.07"]
[WhiteClock "0:00:06"]
[BlackClock "0:00:05"]

1. e4 Nc6 2. Nf3 d6 3. d4 Nf6 4. Nc3 g6 5. Be3 Bg7 6. Qd2 O-O 7. Bh6 e5 8. Bxg7 Kxg7 9. O-O-O Bg4 10. dxe5 Nxe5 11. Be2 Nxf3 12. gxf3 Bh5 13. h4 Re8 14. Nd5 Nxd5 15. Qxd5 Qf6 16. Qd4 Qxd4 17. Rxd4 f5 18. Kd2 Kf6 19. Ke3 Re7 20. Bd3 Rae8 21. Re1 a6 22. a4 Re5 23. b4 a5 24. b5 b6 25. Rc4 Rc5 26. Rxc5 dxc5 27. Kf4 Re5 28. Re3 h6 29. exf5 Rxe3 30. fxe3 gxf5 31. Bxf5 Bf7 32. Bd3 Ba2 33. e4 c4 34. Be2 Bb1 35. e5+ Ke7 36. Bd1 c3 37. Ke4 Ba2 38. f4 Bc4 39. f5 c6 40. f6+ Kf8 41. bxc6 b5 42. Kf5 bxa4 43. e6 a3 44. c7 Ba6 45. e7+ Ke8 46. Bh5+ 1-0


[Site "https://www.chess.com"]

[Event "Titled Tuesday Blitz December 06 Late 2022"]
[White "Kamsky, Gata"]
[Black "Nasuta, Grzegorz"]
[WhiteFideId "2000024"]
[BlackFideId "1141686"]
[WhiteElo "2666"]
[BlackElo "2441"]
[Result "1-0"]
[Round "05"]
[TimeControl "180+1"]
[Date "2022.12.06"]
[WhiteClock "0:00:42"]
[BlackClock "0:00:02"]

1. d4 d5 2. Bf4 c5 3. e3 Nc6 4. c3 Bf5 5. Nd2 e6 6. Ngf3 Qb6 7. dxc5 Bxc5 8. Qb3 Nf6 9. Nd4 Bg6 10. Qxb6 Bxb6 11. Bb5 Rc8 12. a4 a6 13. a5 Bxd4 14. Bxc6+ bxc6 15. cxd4 c5 16. Nb3 cxd4 17. exd4 Nd7 18. Bd6 Rc6 19. Ba3 f6 20. Kd2 Kf7 21. Rhc1 Rhc8 22. Rxc6 Rxc6 23. Nc5 Nxc5 24. Bxc5 Ke8 25. b4 Kd7 26. b5 axb5 27. a6 Rc8 28. a7 Ra8 29. Ra6 Be8 30. Rd6+ Kc7 31. Rxe6 Bd7 32. Re7 g6 33. Kc3 Kc6 34. Kb4 h5 35. Rf7 f5 36. Rf6+ Kc7 37. Rxg6 Bc6 38. Rg7+ Bd7 39. f4 h4 40. Rh7 Rg8 41. Rxh4 Bc6 42. Rh7+ Bd7 43. g3 Kc6 44. Rf7 Kc7 45. h4 Kc6 46. h5 1-0


[Site "https://www.chess.com"]

[Event "Titled Tuesday Blitz December 06 Late 2022"]
[White "Kaplan, Avi Harrison"]
[Black "Putnam, Liam"]
[WhiteFideId "30934559"]
[BlackFideId "30938279"]
[WhiteElo "1983"]
[BlackElo "2082"]
[Result "0-1"]
[Round "05"]
[TimeControl "180+1"]
[Date "2022.12.07"]
[WhiteClock "0:00:04"]
[BlackClock "0:00:12"]

1. d4 Nf6 2. c4 e6 3. Nc3 Bb4 4. Bd2 O-O 5. Nf3 b6 6. e3 Bb7 7. Bd3 d6 8. O-O Nbd7 9. Qc2 Qe7 10. Rfd1 e5 11. dxe5 dxe5 12. Ne4 Bxd2 13. Rxd2 Rad8 14. Rad1 h6 15. Ne1 a5 16. a3 Ba8 17. Qb1 g6 18. b4 axb4 19. axb4 Nxe4 20. Bxe4 Bxe4 21. Qxe4 Qxb4 22. Nd3 Qe7 23. f4 Rfe8 24. fxe5 Nxe5 25. Nf4 Rxd2 26. Rxd2 Qb4 27. Rf2 Qe1+ 28. Rf1 Qh4 29. Qb7 Qd8 30. Nd5 Kg7 31. Qxc7 Qxc7 32. Nxc7 Rc8 33. Nd5 Nxc4 34. Rc1 b5 35. e4 Re8 36. Nc3 Re5 37. Rb1 Nd6 38. g3 h5 39. Kg2 Rc5 40. Kh3 Rxc3 41. e5 Nf5 42. Rxb5 Re3 43. e6 Rxe6 44. Rb1 Nh6 45. Kg2 Ng4 46. h3 Re2+ 47. Kf3 Rf2+ 48. Ke4 Nf6+ 49. Ke3 Rf5 50. Ke2 g5 51. Ke3 g4 52. hxg4 hxg4 53. Ke2 Rf3 54. Rg1 Nh5 55. Ra1 Nxg3+ 56. Kd2 Ne4+ 57. Ke2 Kg6 58. Ra4 f5 59. Ra6+ Kg5 60. Kd1 Kf4 61. Kc2 g3 62. Kb2 g2 63. Rc6 g1=Q 64. Rc1 Qb6+ 65. Kc2 Qb3# 0-1


[Site "https://www.chess.com"]

[Event "Titled Tuesday Blitz December 06 Late 2022"]
[White "Khandelwal, Ankush"]
[Black "Ambartsumova, Karina"]
[WhiteFideId "413470"]
[BlackFideId "4166299"]
[WhiteElo "2271"]
[BlackElo "2319"]
[Result "1-0"]
[Round "05"]
[TimeControl "180+1"]
[Date "2022.12.07"]
[WhiteClock "0:00:17"]
[BlackClock "0:00:13"]

1. e4 c5 2. Nf3 Nc6 3. d4 cxd4 4. Nxd4 Qb6 5. Nb3 Nf6 6. Nc3 e6 7. Bd3 Bb4 8. O-O O-O 9. Be3 Qc7 10. Nb5 Qd8 11. f4 a6 12. N5d4 d5 13. e5 Nd7 14. Rf3 g6 15. Rg3 Nxd4 16. Nxd4 Bc5 17. c3 b5 18. Qg4 Re8 19. h4 Bf8 20. h5 Bg7 21. hxg6 hxg6 22. Bxg6 fxg6 23. Qxg6 Qe7 24. Nxe6 Nf8 25. Qxg7+ Qxg7 26. Nxg7 Kf7 27. Nxe8 Kxe8 28. Rd1 Be6 29. Bc5 Nd7 30. f5 Nxc5 31. fxe6 Ke7 32. Rxd5 Nxe6 33. Rgd3 Nf4 34. Rd7+ Ke6 35. R3d6+ Kxe5 36. Rd1 Rf8 37. Re1+ Kf5 38. Ra7 Rf6 39. Rae7 Kg4 40. R7e4 Kg3 41. R1e3+ Kg4 42. Rf3 Kg5 43. Rfxf4 Rxf4 44. Rxf4 Kxf4 45. Kf2 Kg4 46. g3 Kg5 47. b4 Kg4 48. Kg2 Kg5 49. Kf3 Kh5 50. Kf4 Kh6 51. g4 Kg6 52. g5 Kg7 53. Kg4 Kf7 54. Kf5 Kg7 55. g6 Kg8 56. Kf6 Kf8 57. g7+ Kg8 58. Kg6 a5 59. Kf6 a4 60. a3 Kh7 61. Kf7 1-0


[Site "https://www.chess.com"]

[Event "Titled Tuesday Blitz December 06 Late 2022"]
[White "Kim, Sergey"]
[Black "Hoffmann, Asa"]
[WhiteFideId "13700570"]
[BlackFideId "2001470"]
[WhiteElo "2594"]
[BlackElo "2117"]
[Result "0-1"]
[Round "05"]
[TimeControl "180+1"]
[Date "2022.12.07"]
[WhiteClock "0:01:00"]
[BlackClock "0:00:40"]

1. d4 Nf6 2. c4 c5 3. d5 e5 4. Nc3 d6 5. e4 Be7 6. Nge2 Nbd7 7. Ng3 g6 8. Be2 h5 9. h3 Nh7 10. O-O Bg5 11. Bxg5 Qxg5 12. Nb5 Ke7 13. Bd3 a6 14. Nc3 Ndf6 15. Kh1 h4 16. Nge2 Nh5 17. Qc1 Bd7 18. a3 f5 19. b4 b6 20. bxc5 bxc5 21. Rb1 Qxc1 22. Rfxc1 N7f6 23. Rb7 Rhb8 24. Rcb1 Rxb7 25. Rxb7 Kd8 26. Kh2 Kc8 27. Rb1 Kc7 28. g3 hxg3+ 29. fxg3 Rh8 30. Kg2 f4 31. g4 Ng7 32. Ng1 Nh7 33. Nf3 Rb8 34. Rxb8 Kxb8 35. Bc2 Kc7 36. Ba4 Bxa4 37. Nxa4 Ne8 38. h4 Nef6 39. Nc3 Nxg4 40. Kh3 Ne3 41. Nd2 g5 42. h5 g4+ 43. Kh4 g3 44. Kh3 Ng5+ 45. Kh4 g2 46. Ne2 f3 0-1


[Site "https://www.chess.com"]